 Dungeon Crawl Stone Soup version 0.17-a0-1646-geb1493d (webtiles) character file.

298 karlkraus the Covered (level 6, -11/53 HPs)
             Began as a Minotaur Fighter on Aug 10, 2015.
             Was an Initiate of Ru.
             Killed by divine providence
             ... invoked by an orc priest
              (12 damage)
             ... on level 4 of the Dungeon.
             The game lasted 00:05:17 (2068 turns).

karlkraus the Covered (Minotaur Fighter)            Turns: 2068, Time: 00:05:17

Health: -11/53     AC: 10    Str: 22    XL:     6   Next: 13%
Magic:  5/5        EV:  8    Int: 10    God:    Ru [......]
Gold:   162        SH: 10    Dex: 10    Spells: 0 memorised, 5 levels left

rFire  . . .     SeeInvis .     a - +0 flail
rCold  . . .     Clarity  .     b - +0 scale mail
rNeg   . . .     SustAt   +     c - +0 shield
rPois  +         Gourm    .     (helmet restricted)
rElec  .         Spirit   .     m - +1 cloak {rPois}
rCorr  .         Warding  .     i - +0 pair of gloves
rMut   .         Stasis   .     (no boots)
MR     +....                    (no amulet)
Stlth  ..........               l - ring of protection from magic
                                g - ring of sustain attributes

@: brilliant, somewhat resistant to hostile enchantments, extremely unstealthy
A: retaliatory headbutt, horns 2
a: Renounce Religion


You were on level 4 of the Dungeon.
You worshipped Ru.
Ru was noncommittal.
You were not hungry.

You visited 1 branch of the dungeon, and saw 4 of its levels.

You collected 162 gold pieces.

Inventory:

Hand weapons
 a - a +0 flail (weapon)
Armour
 b - a +0 scale mail (worn)
 c - a +0 shield (worn)
 i - a +0 pair of gloves (worn)
 m - a +1 cloak of poison resistance (worn)
Jewellery
 g - a ring of sustain attributes (left hand)
 l - a ring of protection from magic (right hand)
 x - an uncursed amulet of stasis {unknown}
Magical devices
 p - a wand of hasting (4)
Scrolls
 f - 2 scrolls of enchant armour {unknown}
 h - a scroll of magic mapping {unknown}
 j - 7 scrolls of identify {unknown}
 o - a scroll of teleportation {unknown}
 r - 3 scrolls of remove curse {unknown}
 y - a scroll of noise {unknown}
Potions
 d - a potion of lignification {unknown}
 q - a potion of brilliance
 t - a potion of poison {unknown}
 v - a potion of curing {unknown}
 z - 2 potions of cancellation {unknown}
Books
 u - a book of Callings

   Spells                             Type                      Level
   a - Summon Small Mammal            Summoning                    1
   b - Call Imp                       Summoning                    2
   c - Call Canine Familiar           Summoning                    3
   d - Summon Guardian Golem          Hexes/Summoning              3
   e - Summon Lightning Spire         Summoning/Air                4
   f - Summon Ice Beast               Ice/Summoning                4
Comestibles
 e - 2 bread rations
 k - 2 meat rations
 n - 2 beef jerkies
 s - a fruit
 w - a slice of pizza
 A - a chunk of flesh


   Skills:
 + Level 4.6 Fighting
 + Level 3.8 Maces & Flails
 + Level 5.2 Armour
 + Level 2.5 Dodging
 + Level 0.5 Stealth
 + Level 5.0 Shields


You had 5 spell levels left.
You didn't know any spells.

Dungeon Overview and Level Annotations

Branches:
Dungeon (4/15)
 Temple: D:4-7

Altars:
Kikubaaqudgha
Okawaru
Ru


Innate Abilities, Weirdness & Mutations

You reflexively headbutt those who attack you in melee.
You have a pair of horns on your head.


Message History

The orc priest closely misses you.
You thump the orc!
You kill the orc!
You miss something. Something hits you but does no damage.
You hear some strange, mumbled words.
A magic dart appears from out of thin air!
The magic dart hits you!
You hit something but do no damage.
The orc priest miscasts a cantrip.
Something hits you but does no damage.
The orc priest invokes the aid of Beogh against you.
Something smites you!
* * * LOW HITPOINT WARNING * * *
Unknown command.
Drink which item? (? for menu, Esc to quit)
It was a potion of brilliance.
You feel clever all of a sudden.
The orc priest mumbles some strange prayers to Beogh against you.
Something smites you!
You die...

#..............#####
..#..##[.............
......#..........####
.....................
....#.#.#....###....#
.. #.#.#....# ##### .
#.#....# ##
#.#....##########
#......@)o......###
###....##o........#
#..(.##.........#
#....##o........#
#....##.........#
#....##............
#....#####.%..#....
###### #.........
#...##....


You could see 2 orc priests.

Vanquished Creatures
  The ghost of Yanek the Insei, an average OpTm (D:3)
  Crazy Yiuf (D:2)
  Terence (D:2)
  5 gnolls (D:2)
  5 adders
  2 oozes
  2 worms
  3 orcs
  A ball python (D:1)
  4 bats
  5 giant cockroaches
  7 goblins
  7 hobgoblins
  6 jackals
  A quokka (D:2)
  3 giant newts
  6 kobolds
  7 rats
67 creatures vanquished.

Notes
Turn   | Place    | Note
--------------------------------------------------------------
     0 | D:1      | karlkraus the Minotaur Fighter began the quest for the Orb.
     0 | D:1      | Reached XP level 1. HP: 19/19 MP: 0/0
    12 | D:1      | Reached XP level 2. HP: 20/27 MP: 1/1
   132 | D:1      | Reached skill level 4 in Armour
   617 | D:2      | Reached XP level 3. HP: 33/33 MP: 2/2
   932 | D:2      | Noticed Crazy Yiuf
   938 | D:2      | Killed Crazy Yiuf
   938 | D:2      | Reached skill level 1 in Dodging
   938 | D:2      | Reached XP level 4. HP: 27/40 MP: 3/3
  1030 | D:2      | Noticed Terence
  1038 | D:2      | Killed Terence
  1038 | D:2      | Reached XP level 5. HP: 24/46 MP: 4/4
  1372 | D:2      | Found an iron altar of Okawaru.
  1496 | D:3      | Noticed Yanek's ghost (average OpTm)
  1504 | D:3      | Killed Yanek's ghost
  1504 | D:3      | Reached skill level 5 in Armour
  1516 | D:3      | Reached XP level 6. HP: 51/53 MP: 5/5
  1540 | D:3      | Found an ancient bone altar of Kikubaaqudgha.
  1631 | D:3      | Found a sacrificial altar of Ru.
  1640 | D:3      | Became a worshipper of Ru the Awakened
  2053 | D:4      | Reached skill level 5 in Shields
  2067 | D:4      | HP: 1/53 [orc priest/divine providence (15)]
  2068 | D:4      | Killed from afar by an orc priest

Vault maps used:
D:1:      dpeg_arrival_shelter
D:2:      okawaru_altar_gauntlet_db, uniq_crazy_yiuf_cottage, uniq_terence
D:3:      lemuel_doored_altar, nicolae_ru_path_of_blood,
          kennysheep_generic_room_3
D:4:      first_bread, st_stairs_3, uniq_menkaure

Action                   |  1- 3 |  4- 6 || total
-------------------------+-------+-------++-------
Melee: Flail             |    73 |   114 ||   187
  Use: Potion            |     1 |     1 ||     2
  Eat: Chunk             |       |     4 ||     4
